 Dungeon Crawl Stone Soup version 0.26.0-10-g1f06aea511 (webtiles) character file.

Game seed: 12916494614444417888

8071 Dirian the Carver (level 11, -11/97 HPs)
             Began as a Minotaur Fighter on Jan 14, 2021.
             Was a High Priest of Zin.
             Mangled by a spatial maelstrom (12 damage)
             ... on level 1 of the Abyss.
             The game lasted 00:21:29 (12101 turns).

Dirian the Carver (Minotaur Fighter)               Turns: 12101, Time: 00:21:30

Health: -11/97     AC: 23    Str: 27    XL:     11   Next: 5%
Magic:  13/13      EV:  6    Int:  7    God:    Zin [*****.]
Gold:   540        SH: 12    Dex: 15    Spells: 10/10 levels left

rFire    . . .     SeeInvis .   a - +1 long sword
rCold    . . .     Faith    +   c - +1 kite shield
rNeg     . . .     Spirit   .   e - +0 plate armour
rPois    ∞         Reflect  .   (helmet restricted)
rElec    +         Harm     .   f - +2 cloak {rCorr}
rCorr    +         Rampage  .   s - +0 pair of gloves
Will     +....                  p - +2 pair of boots
Stlth    ..........             m - amulet of faith
HPRegen  0.26/turn              B - ring of willpower
MPRegen  0.13/turn              l - ring "Nuemorutt" {rElec rPois Str+4 Stlth+}

@: vitalised, hasted, very quick
A: retaliatory headbutt, horns 2
a: Renounce Religion, Recite, Vitalisation, Imprison, Sanctuary, Donate Gold


You were on level 1 of the Abyss.
You worshipped Zin.
Zin was extremely pleased with you.
You visited 1 branch of the dungeon, and saw 10 of its levels.
You visited the Abyss 1 time.
You also visited: Ossuary.

You collected 600 gold pieces.
You donated 60 gold pieces to Zin.

Inventory:

Hand Weapons
 a - a +1 long sword (weapon)
Armour
 c - a +1 kite shield (worn)
 e - a +0 plate armour (worn)
 f - a +2 cloak of preservation (worn)
 p - a +2 pair of boots (worn)
 s - a +0 pair of gloves (worn)
Jewellery
 l - the ring "Nuemorutt" (right hand) {rElec rPois Str+4 Stlth+}
   (You found it on level 9 of the Dungeon)

   [ring of stealth]

   It affects your strength (+4).
   It insulates you from electricity.
   It protects you from poison.
   It makes you more stealthy.
 m - an amulet of faith (around neck)
 y - an uncursed ring of positive energy
 B - a ring of willpower (left hand)
Wands
 d - a wand of iceblast (3)
 v - a wand of digging (12)
Scrolls
 b - 2 scrolls of enchant armour
 r - 5 scrolls of identify
 t - 4 scrolls of teleportation
 u - a scroll of fog
 x - 7 scrolls of remove curse
 z - a scroll of blinking
Potions
 i - a potion of cancellation
 j - a potion of flight
 k - 2 potions of ambrosia
 n - a potion of resistance
 o - a potion of magic
 q - a potion of curing
 C - 2 potions of attraction


   Skills:
 + Level 9.3 Fighting
 + Level 13.5 Long Blades
 + Level 10.8 Armour
 + Level 5.1 Shields
 - Level 5.0 Invocations


You had 10 spell levels left.
You didn't know any spells.
Your spell library contained the following spells:

 Spells                   Type           Power        Failure   Level
 Sting                    Tmut/Pois      0%           100%        1
 Poisonous Vapours        Pois/Air       0%           100%        2
 Confusing Touch          Hex            0%           100%        3
 Gell's Gravitas          Tloc           0%           100%        3
 Ignite Poison            Fire/Tmut/Pois 0%           100%        3
 Mephitic Cloud           Conj/Pois/Air  0%           100%        3
 Olgreb's Toxic Radiance  Pois           0%           100%        4
 Petrify                  Tmut/Erth      0%           100%        4
 Metabolic Englaciation   Hex/Ice        0%           100%        5
 Yara's Violent Unravell  Hex/Tmut       0%           100%        5


Dungeon Overview and Level Annotations

Branches:
Dungeon (10/15)            Temple (0/1) D:5            Lair (0/6) D:9
Ossuary (visited)
    Orc: D:9-12

Altars:
Dithmenos
Elyvilon
Fedhas
Gozag
Hepliaklqana
Kikubaaqudgha
Nemelex Xobeh
Okawaru
Qazlal
Uskayaw
Yredelemnul
Zin
Beogh

Shops:
D:5 :   D:6 }

Annotations:
D:6 1 runed translucent door, Crazy Yiuf
D:10 Psyche, Snorg, Sonja


Innate Abilities, Weirdness & Mutations

You reflexively headbutt those who attack you in melee.
You have a pair of horns on your head.


Message History

"...legions of the damned would trouble them no longer."
You finish reciting Anathema 13:34.
You hear a roar!
The spatial vortex is seared!
Found 13 gold pieces.
A spatial vortex comes into view.
Found 2 potions of lignification.
The spatial vortex is seared!
The spatial vortex is seared!
A spatial vortex comes into view.
The spatial maelstrom hits you but does no damage.
The spatial maelstrom hits you!
* * * LOW HITPOINT WARNING * * *
You blink.
A spatial vortex comes into view.
You slash the spatial maelstrom!
The spatial maelstrom is lightly damaged.
The spatial maelstrom hits you but does no damage.
The spatial maelstrom hits you!
You die...

...#....#
#..#...#v.## .
# ..###..#..#.#
.....#v#......#
#. #v...##.#.v.
...##.#..$..#..
v
.....v.#.##..#.
# #....v.# ...#
####.@.# .#.
#.##!v..# #
#...§### #...##
#.#. ####


You could see a spatial maelstrom and 4 spatial vortices.

Vanquished Creatures
  A two-headed ogre (D:8)
  The ghost of Hyawatha the Ruffian, a novice TrBr of Cheibriados (D:9)
  An unseen horror (D:8)
  Pikel (D:7)
  A deep elf mage (D:7)
  A cyclops (D:7)
  A gargoyle (D:8)
  A centaur skeleton (D:9)
  A hornet (D:7)
  A troll (D:8)
  6 yaks (D:9)
  A warg (D:9)
  Duvessa (D:7)
  A water moccasin (D:7)
  3 orc warriors
  A black bear (D:5)
  An ice beast (D:10)
  2 sky beasts (D:7)
  3 phantoms
  An ogre (D:9)
  5 centaurs
  A lemure (D:7)
  3 big kobolds
  Dowan (D:7)
  2 bullfrogs
  4 scorpions
  6 killer bees (D:9)
  2 electric eels (D:7)
  3 howler monkeys
  4 jellies
  A bullfrog skeleton (D:9)
  A gnoll shaman (D:8)
  5 orc priests
  2 hounds (D:5)
  5 worker ants
  8 orc wizards
  4 big kobold zombies (Ossuary)
  A hound skeleton (D:5)
  A mummy (Ossuary)
  A howler monkey zombie (D:9)
  12 gnolls
  A howler monkey skeleton (D:5)
  9 adders
  A shadow imp (D:5)
  A white imp (D:8)
  2 ufetubi
  An adder skeleton (D:7)
  3 dart slugs
  3 worms
  7 leopard geckos
  30 orcs
  6 spectral bats (Ossuary)
  6 bats
  5 giant cockroaches
  8 gnoll zombies (Ossuary)
  5 goblins
  6 hobgoblins
  2 jackals (D:9)
  21 kobolds
  2 quokkas
  A ball python (D:3)
  7 bat simulacra (Ossuary)
  5 frilled lizards
  A giant cockroach zombie (D:5)
  4 goblin simulacra (Ossuary)
  4 goblin zombies (Ossuary)
  6 hobgoblin zombies (Ossuary)
  A jackal zombie (D:7)
  2 kobold simulacra (Ossuary)
  5 kobold zombies (Ossuary)
  3 orc zombies (Ossuary)
  A quokka skeleton (D:7)
  A quokka zombie (D:9)
  5 rats
  2 spectral goblins (Ossuary)
  2 spectral kobolds (Ossuary)
  3 spectral rats (Ossuary)
274 creatures vanquished.

Vanquished Creatures (others)
  10 plants (D:7)
10 creatures vanquished.

Grand Total: 284 creatures vanquished

Notes
Turn   | Place    | Note
-------+----------+-------------------------------------------
     0 | D:1      | Dirian the Minotaur Fighter began the quest for the Orb.
     0 | D:1      | Reached XP level 1. HP: 19/19 MP: 0/0
   257 | D:1      | Reached XP level 2. HP: 27/27 MP: 1/1
  1284 | D:2      | Reached XP level 3. HP: 33/33 MP: 2/2
  1570 | D:2      | Reached skill level 3 in Long Blades
  1900 | D:3      | Reached XP level 4. HP: 28/40 MP: 3/3
  2364 | D:3      | Reached skill level 4 in Long Blades
  2368 | D:3      | Reached XP level 5. HP: 29/46 MP: 4/4
  2948 | D:3      | Reached skill level 5 in Armour
  3415 | D:4      | Reached skill level 5 in Shields
  3806 | D:4      | Noticed a phantom
  3824 | D:4      | Killed a phantom
  3825 | D:4      | Reached skill level 5 in Long Blades
  3825 | D:4      | Reached XP level 6. HP: 51/55 MP: 5/5
  3908 | D:4      | Reached skill level 5 in Fighting
  4734 | D:5      | Entered Level 5 of the Dungeon
  4764 | D:5      | Found a staircase to the Ecumenical Temple.
  4817 | D:5      | Found Mauki's Book Emporium.
  5005 | D:5      | Found a hazy altar of Hepliaklqana.
  5005 | D:5      | Found a white marble altar of Elyvilon.
  5006 | D:5      | Found a basalt altar of Yredelemnul.
  5146 | D:5      | Reached skill level 6 in Long Blades
  5146 | D:5      | Reached XP level 7. HP: 61/61 MP: 6/6
  5589 | D:5      | Found a glowing silver altar of Zin.
  5591 | D:5      | Found an opulent altar of Gozag.
  5613 | D:5      | Became a worshipper of Zin the Law-Giver
  5613 | D:5      | Reached * piety under Zin
  5873 | D:6      | Found Ninegeeg's Gadget Shoppe.
  5881 | D:6      | Reached ** piety under Zin
  5970 | D:6      | Reached skill level 1 in Invocations
  6091 | D:6      | Found a runed translucent door.
  6092 | D:6      | Noticed Crazy Yiuf
  6299 | D:7      | Reached skill level 7 in Long Blades
  6552 | D:7      | Found a stormy altar of Qazlal.
  6556 | D:7      | Noticed Duvessa
  6556 | D:7      | Noticed Dowan
  6573 | D:7      | Killed Duvessa
  6574 | D:7      | Reached XP level 8. HP: 58/70 MP: 8/8
  6588 | D:7      | Killed Dowan
  6778 | D:7      | Noticed Pikel
  6798 | D:7      | Killed Pikel
  6799 | D:7      | Reached skill level 8 in Long Blades
  6966 | D:7      | Reached skill level 9 in Long Blades
  7346 | D:7      | Noticed a hornet
  7358 | D:7      | Killed a hornet
  7359 | D:7      | Reached XP level 9. HP: 74/78 MP: 7/10
  7571 | D:7      | Reached *** piety under Zin
  7709 | D:7      | Reached skill level 10 in Long Blades
  8051 | D:7      | Noticed a deep elf mage
  8051 | D:7      | Noticed a cyclops
  8057 | D:7      | Killed a deep elf mage
  8063 | D:7      | Killed a cyclops
  8532 | D:7      | Got a faintly glowing chain mail
  8542 | D:7      | Identified the +1 chain mail of Rotation {rC+ Will++ Str-5}
                  | (You found it on level 7 of the Dungeon)
  8631 | D:8      | Found a sand-covered staircase.
  8639 | Ossuary  | Entered an ossuary
  8700 | Ossuary  | Reached **** piety under Zin
  8929 | Ossuary  | Reached ***** piety under Zin
  9145 | D:8      | Noticed a troll
  9154 | D:8      | Noticed a gargoyle
  9158 | D:8      | Killed a troll
  9159 | D:8      | Reached skill level 11 in Long Blades
  9165 | D:8      | Killed an unseen horror
  9172 | D:8      | Killed a gargoyle
  9173 | D:8      | Reached XP level 10. HP: 45/86 MP: 10/12
  9601 | D:8      | Reached skill level 5 in Invocations
  9954 | D:9      | Found a blossoming altar of Fedhas.
  9963 | D:9      | Found an ancient bone altar of Kikubaaqudgha.
 10019 | D:9      | Reached skill level 12 in Long Blades
 10271 | D:9      | Found a staircase to the Lair.
 10294 | D:9      | Found an iron altar of Okawaru.
 10385 | D:9      | Found a runed translucent gate.
 10385 | D:9      | Found a runed translucent gate.
 10389 | D:9      | Found a runed translucent gate.
 10389 | D:9      | Noticed Hyawatha's ghost (novice TrBr)
 10389 | D:9      | Identified the cursed +1 dire flail of Epseoh {vorpal, rF+}
 10391 | D:9      | Found a roughly hewn altar of Beogh.
 10524 | D:9      | Reached skill level 10 in Armour
 10551 | D:9      | Got a glittering pewter ring
 11324 | D:9      | Found a shadowy altar of Dithmenos.
 11326 | D:9      | Found a sparkling altar of Nemelex Xobeh.
 11328 | D:9      | Found a hide-covered altar of Uskayaw.
 11374 | D:9      | Identified the ring "Nuemorutt" {rElec rPois Str+4 Stlth+}
                  | (You found it on level 9 of the Dungeon)
 11418 | D:9      | Killed Hyawatha's ghost
 11419 | D:9      | Reached skill level 13 in Long Blades
 11610 | D:10     | Entered Level 10 of the Dungeon
 11610 | D:10     | Noticed a two-headed ogre
 11658 | D:8      | Killed a two-headed ogre
 11659 | D:8      | Reached XP level 11. HP: 10/97 MP: 13/13
 12057 | D:10     | Noticed Sonja
 12058 | D:10     | Noticed Psyche
 12059 | D:10     | Noticed Snorg
 12070 | D:10     | Cast into level 1 of the Abyss (Sonja)
 12080 | Abyss:1  | Noticed a spatial maelstrom
 12100 | Abyss:1  | HP: 1/97 [spatial maelstrom (7)]
 12101 | Abyss:1  | Mangled by a spatial maelstrom

Illustrated notes

Levels and vault maps discovered:
D:1:      lightli_iron_boxes, layout_basic
D:2:      layout_basic, amcnicky_mini_pool_small
D:3:      layout_basic
D:4:      layout_loops_cross, cheibrodos_sewer_entry_bend,
          hangedman_decor_diamond_cutter
D:5:      layout_loops_ring, grunt_temple_overflow_gold_and_silver,
          gammafunk_temple_overflow_claw, minmay_temple_entry_from_below_a,
          serial_shops, shop
D:6:      layout_cave_pools, serial_shops, shop, uniq_crazy_yiuf_cottage
D:7:      layout_rooms, grunt_qazlal_sundering, serial_glass, glass_columns_a,
          glass_columns_c, minmay_liquid_box, kennysheep_cluttered_room,
          minmay_shattered_shrine, uniq_duvessa, uniq_pikel
D:8:      layout_basic, nicolae_ossuary_entry_plus, minmay_manual_mess
D:9:      layout_basic, minitemple, kennysheep_little_box, dpeg_oklobed_lair,
          biasface_ghost_orc_armoury, kennysheep_small_spiral
D:10:     layout_basic, uniq_urug, uniq_psyche, uniq_sonja, uniq_snorg
Abyss:1:  base:
D:10

Skill      XL: |  1  2  3  4  5  6  7  8  9 10 |
---------------+-------------------------------+-----
Armour         | 4 5 6 7 8 9 10 | 10.8
Fighting       | 4 5 6 7 9 |  9.3
Shields        | 4 5 |  5.1
Long Blades    | 3 4 5 6 7 9 11 13 | 13.5
Invocations    | 1 3 4 5 |  5.0

Action                   |  1- 3 |  4- 6 |  7- 9 | 10-12 || total
-------------------------+-------+-------+-------+-------++-------
Melee: Long sword        |    75 |   187 |   353 |   284 ||   899
       Headbutt          |     8 |    33 |    82 |    73 ||   196
Invok: Recite            |       |       |     3 |     8 ||    11
       Vitalisation      |       |       |     2 |     3 ||     5
  Use: Scroll            |       |    12 |     6 |     8 ||    26
       Potion            |       |       |     3 |     3 ||     6
 Stab: Paralysed         |       |       |       |     8 ||     8
       Confused          |       |       |       |     3 ||     3
       Invisible         |       |       |       |     1 ||     1
Armor: Scale mail        |    26 |    73 |       |       ||    99
       Chain mail        |       |     2 |    79 |       ||    81
       Plate armour      |       |       |    99 |   186 ||   285
Dodge: Dodged            |    18 |    42 |    47 |    50 ||   157
Block: Kite shield       |    38 |    96 |   147 |   172 ||   453
       Rpst.: Long sword |     7 |     9 |    11 |    14 ||    41
